 Dungeon Crawl Stone Soup version 0.31-a0-771-g505c3d19dc (webtiles) character file.

Game seed: 8453469503985251781

92 randomguy2701 the Trooper (level 4, -1/41 HPs)
             Began as a Gnoll Fighter on Sept 16, 2023.
             Slain by Terence
             ... wielding a +2 short sword of distortion
              (6 damage)
             ... on level 3 of the Dungeon.
             The game lasted 00:02:16 (2019 turns).

randomguy2701 the Trooper (Gnoll Fighter)           Turns: 2019, Time: 00:02:17

Health: -1/41      AC:  7    Str: 16    XL:     4   Next: 60%
Magic:  5/5        EV:  9    Int:  7    God:
Gold:   101        SH:  5    Dex: 13    Spells: 5/5 levels left

rFire   . . .        a - +0 war axe
rCold   . . .        c - +0 buckler
rNeg    . . .        b - +0 scale mail
rPois   .            (no helmet)
rElec   .            (no cloak)
rCorr   +            (no gloves)
SInv    .            (no boots)
Will    .....        (no amulet) Stlth
                     i - ring of resist corrosion
HPRegen 0.26/turn    (no ring)
MPRegen 0.09/turn

%: no passive effects
@: mighty, studying Fighting
A: fangs 1, strong nose, distributed training
a: no special abilities


You were on level 3 of the Dungeon.
You visited 1 branch of the dungeon, and saw 3 of its levels.
You visited the Abyss 1 time.

You collected 101 gold pieces.

Inventory:

Hand Weapons
 a - a +0 war axe (weapon)
Armour
 b - a +0 scale mail (worn)
 c - a +0 buckler (worn)
Jewellery
 i - a ring of resist corrosion (left hand)
Scrolls
 e - a scroll of identify {unknown}
 g - 2 scrolls of teleportation {unknown}
 j - a scroll of brand weapon {unknown}
 k - a scroll of vulnerability {unknown}
Potions
 d - a potion of might
 f - a potion of heal wounds {unknown}
 h - a potion of magic {unknown}
 l - a potion of invisibility {unknown}


   Skills:
 + Level 6.7 Fighting
 + Level 1.2 Short Blades
 + Level 1.2 Long Blades
 + Level 4.7 Axes
 + Level 1.2 Maces & Flails
 + Level 1.2 Polearms
 + Level 1.2 Staves
 + Level 1.2 Ranged Weapons
 + Level 1.2 Throwing
 + Level 6.6 Armour
 + Level 1.2 Dodging
 + Level 1.2 Stealth
 + Level 6.6 Shields
 + Level 1.2 Unarmed Combat
 + Level 1.2 Spellcasting
 + Level 1.0 Conjurations
 + Level 1.0 Hexes
 + Level 1.0 Summonings
 + Level 1.0 Necromancy
 + Level 1.0 Translocations
 + Level 1.0 Transmutations
 + Level 1.0 Fire Magic
 + Level 1.0 Ice Magic
 + Level 1.0 Air Magic
 + Level 1.0 Earth Magic
 + Level 1.0 Poison Magic
 + Level 1.3 Invocations
 + Level 1.2 Evocations
 + Level 1.1 Shapeshifting


You had 5 spell levels left.
You didn't know any spells.
Your spell library was empty.

Dungeon Overview and Level Annotations

Branches:
Dungeon (3/15)

Altars:
Trog

Shops:
D:3 !

Annotations:
D:3 Terence


Innate Abilities, Weirdness & Mutations

You have very sharp teeth.
Your uncanny sense of smell can sniff out nearby items.
Your experience applies equally to all skills.


Message History

Unknown command.
No target in view!
Unknown command.
No target in view!
Unknown command.
The hellephant trumpets!
The hellephant blinks!
The hellephant blinks!
The hellephant blinks!
A large abomination comes into view.
The large abomination attacks as it pursues you!
You block the large abomination's attack.
Found a gateway leading out of the Abyss.
The large abomination attacks as it pursues you!
The large abomination hits you!!
Ouch! That really hurt!
* * * LOW HITPOINT WARNING * * *
There is a gateway leading out of the Abyss here.
You pass through the gate.
Welcome back to the Dungeon!
Level annotation: Terence You block Terence's attack.
Terence attacks as he pursues you! You block Terence's attack.
You feel very mighty all of a sudden. Terence closely misses you.
You hit Terence.
Terence is lightly wounded.
Terence hits you with a +2 short sword of distortion.
* * * LOW HITPOINT WARNING * * *
You barely miss Terence. You bite Terence.
Terence is lightly wounded.
Terence hits you with a +2 short sword of distortion.
* * * LOW HITPOINT WARNING * * *
Space warps around you.
* * * LOW HITPOINT WARNING * * *
You block Terence's attack.
You slash Terence!
Terence is severely wounded.
Terence hits you with a +2 short sword of distortion.
You die...

....## #.##. .# .....#
... # .....# ##.
####.##
......########### ∆
....#.......#...##
....#............##
....#....(..##....##
............####@@.#∩#
............# ##...#
###...#...### ##...#
#...###.# #....# #...#
#..# #.)_# ##### ##...
#..# #### ###


You could see Terence.

Vanquished Creatures
  Robin (D:2)
  2 adders
  A gnoll (D:1)
  4 endoplasms
  3 giant cockroaches
  12 goblins
  5 hobgoblins (D:2)
  2 quokkas
  4 ball pythons (D:1)
  8 bats
  A frilled lizard (D:3)
  5 kobolds
  4 rats
52 creatures vanquished.

Notes
Turn   | Place    | Note
-------+----------+-------------------------------------------
     0 | D:1      | randomguy2701 the Gnoll Fighter began the quest for the
                  | Orb.
     0 | D:1      | Reached XP level 1. HP: 23/23 MP: 1/1
   242 | D:1      | Reached XP level 2. HP: 29/29 MP: 2/2
   731 | D:1      | Reached XP level 3. HP: 35/35 MP: 3/3
   970 | D:2      | Noticed Robin
   981 | D:2      | Killed Robin
   982 | D:2      | Reached skill level 1 in Invocations
   996 | D:2      | Reached skill level 1 in Short Blades
   996 | D:2      | Reached skill level 1 in Long Blades
   996 | D:2      | Reached skill level 1 in Maces & Flails
   996 | D:2      | Reached skill level 1 in Polearms
   996 | D:2      | Reached skill level 1 in Staves
   996 | D:2      | Reached skill level 1 in Ranged Weapons
   996 | D:2      | Reached skill level 1 in Throwing
   996 | D:2      | Reached skill level 1 in Dodging
   996 | D:2      | Reached skill level 1 in Stealth
   996 | D:2      | Reached skill level 1 in Unarmed Combat
   996 | D:2      | Reached skill level 1 in Spellcasting
   996 | D:2      | Reached skill level 1 in Evocations
  1328 | D:2      | Reached skill level 1 in Shapeshifting
  1328 | D:2      | Reached XP level 4. HP: 32/41 MP: 5/5
  1699 | D:3      | Found Qeirran's Distillery.
  1831 | D:3      | Found a faded altar of an unknown god.
  1860 | D:3      | Reached skill level 1 in Conjurations
  1860 | D:3      | Reached skill level 1 in Hexes
  1860 | D:3      | Reached skill level 1 in Summonings
  1860 | D:3      | Reached skill level 1 in Necromancy
  1860 | D:3      | Reached skill level 1 in Translocations
  1860 | D:3      | Reached skill level 1 in Transmutations
  1860 | D:3      | Reached skill level 1 in Fire Magic
  1860 | D:3      | Reached skill level 1 in Ice Magic
  1860 | D:3      | Reached skill level 1 in Air Magic
  1860 | D:3      | Reached skill level 1 in Earth Magic
  1860 | D:3      | Reached skill level 1 in Poison Magic
  1945 | D:3      | Noticed Terence
  1946 | D:3      | Found a bloodstained altar of Trog.
  1949 | Abyss:1  | Cast into level 1 of the Abyss (Terence)
  1973 | Abyss:1  | Noticed a hellephant
  2004 | Abyss:1  | Noticed a large abomination
  2014 | D:3      | Escaped the Abyss
  2019 | D:3      | Slain by Terence

Illustrated notes

Levels and vault maps discovered:
D:1:      scummos_arrival_simple_fountains, layout_loops_corners,
          hangedman_decor_growths, minmay_bisected
D:2:      layout_basic, uniq_robin
D:3:      layout_basic, nzn_overflow_gifts_of_might_and_magic, serial_shops,
          shop, shapermc_ecumenical_altar_mp_ritualfount

Skill      XL: |  1  2  3  4 |
---------------+-------------+-----
Invocations    | 1 |  1.3
Short Blades   | 1 |  1.2
Long Blades    | 1 |  1.2
Maces & Flails | 1 |  1.2
Polearms       | 1 |  1.2
Staves         | 1 |  1.2
Ranged Weapons | 1 |  1.2
Throwing       | 1 |  1.2
Dodging        | 1 |  1.2
Stealth        | 1 |  1.2
Unarmed Combat | 1 |  1.2
Spellcasting   | 1 |  1.2
Evocations     | 1 |  1.2
Shapeshifting  | 1 |  1.1
Conjurations   | 1 |  1.0
Hexes          | 1 |  1.0
Summonings     | 1 |  1.0
Necromancy     | 1 |  1.0
Translocations | 1 |  1.0
Transmutations | 1 |  1.0
Fire Magic     | 1 |  1.0
Ice Magic      | 1 |  1.0
Air Magic      | 1 |  1.0
Earth Magic    | 1 |  1.0
Poison Magic   | 1 |  1.0
Fighting       | |  6.7
Axes           | |  4.7
Armour         | |  6.6
Shields        | |  6.6

Action                     |  1- 3 |  4- 6 || total
---------------------------+-------+-------++-------
  Melee: War axe           |   106 |    45 ||   151
         Bite              |    12 |     2 ||    14
    Use: Potion            |       |     1 ||     1
 Armour: Scale mail        |    71 |    32 ||   103
  Dodge: Dodged            |    35 |    19 ||    54
  Block: Buckler           |    23 |    13 ||    36

Table legend: (Time is in decaauts)
 A = Elapsed time spent in this place.
 B = Non-inter-level travel time spent in this place.
 C = Inter-level travel time spent in this place.
 D = Time resting spent in this place.
 E = Time spent auto-exploring this place.
 F = Levels seen in this place.
 G = Mean time per level.
                   A        B        C        D        E       F      G
               +--------+--------+--------+--------+--------+-----+--------+
         Total |   2061 |   1969 |     92 |      0 |   1562 |   4 |  515.2 |
       Dungeon |   1996 |   1904 |     92 |      0 |   1562 |   3 |  665.3 |
         Abyss |     65 |     65 |      0 |      0 |      0 |   1 |   65.0 |
               +--------+--------+--------+--------+--------+-----+--------+

Top non-repeatable levels by time:
     D:1: 947 daAuts
     D:2: 788 daAuts
     D:3: 260 daAuts
 Abyss:1: 65 daAuts
